 Dungeon Sprint DCSS version 0.28.0-49-g6dfe1f597d (webtiles) character file.

Game seed: 5934668796217713897

2249 Revguard the Basher (level 9, -4/82 HPs)
             Began as a Demonspawn Berserker on May 12, 2022.
             Was a Priest of Trog.
             Slain by a demonic crawler (6 damage)
             ... in the Dungeon (Sprint I: "Red Sonja").
             The game lasted 00:06:37 (1065 turns).

Revguard the Basher (Demonspawn Berserker)          Turns: 1065, Time: 00:06:37

Health: -4/82      AC: 17    Str: 19    XL:     9   Next: 15%
Magic:  9/9        EV: 10    Int:  8    God:    Trog [***...]
Gold:   396        SH:  0    Dex: 16    Spells: 8/8 levels left

rFire   . . .      SeeInvis .   a - +0 mace (freeze)
rCold   + . .      Faith    .   (no shield)
rNeg    . . .      Spirit   .   m - +0 chain mail {rC+}
rPois   .          Reflect  .   (no helmet)
rElec   .          Harm     .   (no cloak)
rCorr   .          Rampage  .   o - +2 pair of gloves
Will    .....      NoTele   +   (no boots)
Stlth   ..........              (no amulet)
HPRegen 0.23/turn               (no ring)
MPRegen 0.11/turn               (no ring)

@: mighty, on berserk cooldown, slowed, very slow
A: thin metallic scales 2, ignite blood 1, powered by pain 2, weakness stinger 1
a: Renounce Religion, Berserk, Trog's Hand


You were in the Dungeon.
You worshipped Trog.
Trog was most pleased with you.
You visited 1 branch You collected 752 gold pieces.
You spent 356 gold pieces at shops.

Inventory:

Hand Weapons
 a - a +0 mace of freezing (weapon)
Armour
 m - a +0 chain mail of cold resistance (worn)
 o - a +2 pair of gloves (worn)
Wands
 k - a wand of flame (16)
Potions
 c - a potion of curing
 e - a potion of haste
 f - 2 potions of magic
 g - a potion of berserk rage
 l - 2 potions of might


   Skills:
 + Level 12.1 Fighting
 + Level 12.1 Maces & Flails
 + Level 7.8 Armour
 + Level 6.9 Dodging
 - Level 0.4 Stealth
 + Level 3.7 Evocations


You had 8 spell levels left.
You didn't know any spells.
Your spell library was empty.

Dungeon Overview and Level Annotations

Branches:
Dungeon (1/1)

Altars:
Cheibriados
Dithmenos
Elyvilon
Fedhas
Gozag
Hepliaklqana
Kikubaaqudgha
Makhleb
Nemelex Xobeh
Okawaru
Qazlal
Ru
Sif Muna
Trog
Uskayaw
Vehumet
Wu Jian
Xom
Yredelemnul
Zin
The Shining One
Jiyva
Lugonu

Shops:
D [


Innate Abilities, Weirdness & Mutations

You are mostly covered in thin metallic scales. (AC +3)
Your demonic aura sometimes causes spilled blood to erupt in flames.
You sometimes gain power by taking damage.
You have a small tail.


Message History

The demonic crawler hits you but does no damage.
You sock the demonic crawler! You freeze the demonic crawler.
The demonic crawler is heavily wounded.
The demonic crawler hits you but does no damage.
The demonic crawler closely misses you. x2
The demonic crawler barely misses you.
The demonic crawler hits you but does no damage.
The demonic crawler hits you. x2
* * * LOW HITPOINT WARNING * * *
The demonic crawler closely misses you. The demonic crawler hits you.
* * * LOW HITPOINT WARNING * * *
The demonic crawler hits you.
* * * LOW HITPOINT WARNING * * *
The demonic crawler barely misses you. The demonic crawler hits you.
* * * LOW HITPOINT WARNING * * *
The demonic crawler barely misses you.
The demonic crawler hits you but does no damage.
The demonic crawler hits you.
* * * LOW HITPOINT WARNING * * *
The demonic crawler is engulfed in blazing flames.
The demonic crawler closely misses you.
The demonic crawler hits you but does no damage.
The demonic crawler closely misses you.
The demonic crawler hits you but does no damage. x2
The demonic crawler hits you.
* * * LOW HITPOINT WARNING * * *
The demonic crawler is engulfed in blazing flames.
The demonic crawler shrieks in warning!
The demonic crawler hits you but does no damage.
The demonic crawler misses you. The demonic crawler barely misses you.
The demonic crawler shrieks in warning!
The demonic crawler barely misses you.
The demonic crawler hits you but does no damage. x2
You hear an angry buzzing noise.
There is an open door, spattered with blood here.
The demonic crawler hits you.
* * * LOW HITPOINT WARNING * * *
The demonic crawler completely misses you.
The demonic crawler hits you.
You die...

##############################
..)..#..').#__#.@ss..#..#.§§§+
).#..').#÷)(..'.)#9..##'#.####
####'#####+#__####...'.§#§#
###..#...#.#### #####.§§.#
__####..##§# #§####
_____##'#§§+ #..9 _.∩...'..._#
#...○ _..__##_.#+# ###°°°
_____###'# °°.#


You could see 2 demonic crawlers and a gargoyle.

Vanquished Creatures
  A centaur warrior (D)
  A lindwurm (D)
  2 kobold demonologists (D)
  A slime creature (D)
  Sigmund (D)
  A yak (D)
  A floating eye (D)
  An ogre (D)
  A jelly (D)
  Ijyb (D)
11 creatures vanquished.

Notes
Turn   | Place    | Note
-------+----------+-------------------------------------------
     0 | D        | Revguard the Demonspawn Berserker began the quest for the
                  | Orb.
     0 | D        | Reached XP level 1. HP: 18/18 MP: 1/1
     2 | D        | Noticed Ijyb
     9 | D        | Killed Ijyb
    10 | D        | Gained mutation: You have a small tail. [demonic ancestry]
    10 | D        | Reached XP level 2. HP: 26/26 MP: 2/2
    54 | D        | Noticed an ogre
    59 | D        | Killed an ogre
    60 | D        | Reached skill level 5 in Maces & Flails
    60 | D        | Reached XP level 3. HP: 34/34 MP: 3/3
    60 | D        | Gained mutation: Your demonic aura sometimes causes spilled
                  | blood to erupt in flames. [demonic ancestry]
    60 | D        | Reached XP level 4. HP: 40/40 MP: 4/4
    98 | D        | Noticed Sigmund
   102 | D        | Killed Sigmund
   102 | D        | Reached ** piety under Trog
   103 | D        | Gained mutation: You are partially covered in thin metallic
                  | scales. (AC +2) [demonic ancestry]
   103 | D        | Reached XP level 5. HP: 49/49 MP: 5/5
   147 | D        | Found an ornate altar of the Wu Jian Council.
   147 | D        | Found a shimmering blue altar of Sif Muna.
   149 | D        | Found a burning altar of Makhleb.
   149 | D        | Found a viscous altar of Jiyva.
   149 | D        | Found a shimmering altar of Xom.
   149 | D        | Found a corrupted altar of Lugonu.
   149 | D        | Noticed a slime creature
   158 | D        | Killed a slime creature
   159 | D        | Reached skill level 1 in Evocations
   159 | D        | Reached XP level 6. HP: 58/58 MP: 6/6
   166 | D        | Found a radiant altar of Vehumet.
   284 | D        | Found Pazxa's Armour Emporium.
   284 | D        | Found an ancient bone altar of Kikubaaqudgha.
   284 | D        | Found a hazy altar of Hepliaklqana.
   284 | D        | Found a stormy altar of Qazlal.
   284 | D        | Found a hide-covered altar of Uskayaw.
   284 | D        | Found a blossoming altar of Fedhas.
   284 | D        | Found a bloodstained altar of Trog.
   284 | D        | Found an iron altar of Okawaru.
   284 | D        | Found a basalt altar of Yredelemnul.
   284 | D        | Found a snail-covered altar of Cheibriados.
   284 | D        | Found a sacrificial altar of Ru.
   284 | D        | Found a shadowy altar of Dithmenos.
   284 | D        | Noticed a yak
   290 | D        | Killed a yak
   291 | D        | Reached skill level 5 in Armour
   291 | D        | Reached skill level 5 in Dodging
   291 | D        | Gained mutation: You sometimes gain a little power by
                  | taking damage. [demonic ancestry]
   291 | D        | Reached XP level 7. HP: 65/65 MP: 7/7
   291 | D        | Found an opulent altar of Gozag.
   292 | D        | Found a sparkling altar of Nemelex Xobeh.
   296 | D        | Bought a +0 chain mail of cold resistance for 126 gold
                  | pieces
   296 | D        | Bought a +0 pair of gloves for 49 gold pieces
   380 | D        | Bought a +2 pair of gloves for 181 gold pieces
   409 | D        | Noticed a kobold demonologist
   409 | D        | Noticed a kobold demonologist
   411 | D        | Reached *** piety under Trog
   412 | D        | Reached skill level 10 in Fighting
   412 | D        | Noticed a chaos spawn
   418 | D        | Noticed a sixfirhy
   421 | D        | Killed a kobold demonologist
   422 | D        | Reached skill level 10 in Maces & Flails
   425 | D        | Noticed an orange demon
   434 | D        | Killed a kobold demonologist
   435 | D        | Gained mutation: You sometimes gain power by taking damage.
                  | [demonic ancestry]
   435 | D        | Reached XP level 8. HP: 47/75 MP: 8/8
   720 | D        | Noticed a demonic crawler
   720 | D        | Noticed a demonic crawler
   720 | D        | Noticed a demonic crawler
   720 | D        | Noticed a demonic crawler
   731 | D        | Noticed a gargoyle
   784 | D        | Noticed a centaur warrior
   791 | D        | Killed a centaur warrior
  1029 | D        | Noticed a lindwurm
  1036 | D        | Killed a lindwurm
  1037 | D        | Gained mutation: You are mostly covered in thin metallic
                  | scales. (AC +3) [demonic ancestry]
  1037 | D        | Reached XP level 9. HP: 82/82 MP: 9/9
  1065 | D        | HP: 2/82 [demonic crawler (5)]
  1065 | D        | Slain by a demonic crawler

Illustrated notes

Levels and vault maps discovered:
D:        dungeon_sprint_1 [red_sonja_temple_1, red_sonja_temple_small_1]

Skill      XL: |  1  2  3  4  5  6  7  8 |
---------------+-------------------------+-----
Fighting       | 4 6 8 9 11 12 | 12.1
Maces & Flails | 4 5 7 8 9 10 12 | 12.1
Armour         | 2 3 4 5 6 7 |  7.8
Dodging        | 2 3 4 5 6 |  6.9
Evocations     | 1 3 |  3.7
Stealth        | |  0.4

Action                   |  1- 3 |  4- 6 |  7- 9 || total
-------------------------+-------+-------+-------++-------
Melee: Mace              |     8 |    19 |    25 ||    52
       Tailslap          |     1 |     7 |     3 ||    11
Invok: Berserk           |     2 |     3 |     4 ||     9
       Trog's Hand       |       |     1 |     3 ||     4
Evoke: Wand              |     1 |     1 |     2 ||     4
  Use: Potion            |       |       |     2 ||     2
       Scroll            |       |       |     2 ||     2
Armor: Leather armour    |       |     4 |       ||     4
       Chain mail        |       |       |    49 ||    49
Dodge: Dodged            |     5 |     9 |    47 ||    61
